TOP OF THE 1ST |
Key West Barracudas batting - Pitching for Memphis Blues : RHP Paul Miller
|
Pitching: RHP Paul Miller
|
|
Batting: RHB Carlos Miranda
|
0-0: Ball 1-0: Ball 2-0: Called Strike 2-1: Ball 3-1: Foul Ball, location: 2F 3-2: Strikes out swinging
|
Batting: RHB Zander Tremblett
|
0-0: Ball 1-0: SINGLE (Line Drive, 56D)
|
Batting: RHB Kenny Cole
|
0-0: Foul Ball, location: 2F 0-1: Foul Ball, location: 2F 0-2: Ball 1-2: Foul Ball, location: 2F 1-2: Strikes out swinging
|
Batting: LHB Arturo López
|
0-0: Ball 1-0: Ball 2-0: Ball 3-0: Called Strike 3-1: Base on Balls Zander Tremblett to second
|
Batting: RHB Luther Stoffels
|
0-0: Ground out 4-3 (Groundball, 4)
|
Top of the 1st over - 0 run(s), 1 hit(s), 0 error(s), 2 left on base; Key West 0 - Memphis 0 |
BOTTOM OF THE 1ST |
Memphis Blues batting - Pitching for Key West Barracudas : RHP Lawrence Fish
|
Pitching: RHP Lawrence Fish
|
|
Batting: RHB Jorge Domínguez
|
0-0: Ball 1-0: Foul Ball, location: 2F 1-1: Ball 2-1: Foul Ball, location: 2F 2-2: Foul Ball, location: 2F 2-2: Ball 3-2: Base on Balls
|
Batting: RHB Dave Wookey
|
0-0: Ball Jorge Domínguez steals 2nd base 1-0: Ball 2-0: DOUBLE (Flyball, 89M) Jorge Domínguez scores
|
Batting: RHB Dale Taylor
|
0-0: Foul Ball, location: 2F 0-1: Ground out 5-3 (Groundball, 56S) Dave Wookey to third
|
Batting: RHB Bob Orr
|
0-0: Called Strike 0-1: Called Strike 0-2: Ball 1-2: Foul Ball, location: 2F 1-2: Ball 2-2: Strikes out looking
|
Batting: LHB Arturo Rivera
|
0-0: Ball 1-0: Ball 2-0: Ball 3-0: Called Strike 3-1: Base on Balls
|
Batting: RHB Sadao Kato
|
0-0: Ball 1-0: Foul Ball, location: 2F 1-1: Ball 2-1: Called Strike 2-2: Ball 3-2: Foul Ball, location: 2F 3-2: Strikes out swinging
|
Bottom of the 1st over - 1 run(s), 1 hit(s), 0 error(s), 2 left on base; Key West 0 - Memphis 1 |
TOP OF THE 2ND |
Key West Barracudas batting - Pitching for Memphis Blues : RHP Paul Miller
|
Batting: LHB Domingo Ledesma
|
0-0: Ball 1-0: Ball 2-0: Ball 3-0: Called Strike 3-1: Base on Balls
|
Batting: SHB Rodney Birling
|
0-0: Fly out, F3 (Line Drive, 3) 0-0: Lined into DP, U3 (Line Drive, 3)
|
Batting: SHB Héctor Jiménez
|
0-0: Ball 1-0: Swinging Strike 1-1: Fly out, F8 (Flyball, 8LM)
|
Top of the 2nd over - 0 run(s), 0 hit(s), 0 error(s), 0 left on base; Key West 0 - Memphis 1 |
BOTTOM OF THE 2ND |
Memphis Blues batting - Pitching for Key West Barracudas : RHP Lawrence Fish
|
Batting: RHB Glenn Johnson
|
0-0: Ball 1-0: Ground out 3-1 (Groundball, 23)
|
Batting: RHB Raúl Perales
|
0-0: Ball 1-0: Swinging Strike 1-1: Foul Ball, location: 2F 1-2: Ball 2-2: Strikes out swinging
|
Batting: RHB Dale O'Feennaghty
|
0-0: Foul Ball, location: 2F 0-1: Called Strike 0-2: Ground out 6-3 (Groundball, 6M)
|
Bottom of the 2nd over - 0 run(s), 0 hit(s), 0 error(s), 0 left on base; Key West 0 - Memphis 1 |
TOP OF THE 3RD |
Key West Barracudas batting - Pitching for Memphis Blues : RHP Paul Miller
|
Batting: LHB Motoki Hirata
|
0-0: Called Strike 0-1: Foul Ball, location: 2F 0-2: Ball 1-2: Strikes out swinging
|
Batting: RHB Carlos Miranda
|
0-0: Ball 1-0: Ball 2-0: Fly out, F6 (Popup, 6MD)
|
Batting: RHB Zander Tremblett
|
0-0: Called Strike 0-1: Ball 1-1: Ball 2-1: Ball 3-1: Called Strike 3-2: Strikes out swinging
|
Top of the 3rd over - 0 run(s), 0 hit(s), 0 error(s), 0 left on base; Key West 0 - Memphis 1 |
BOTTOM OF THE 3RD |
Memphis Blues batting - Pitching for Key West Barracudas : RHP Lawrence Fish
|
Batting: RHB Jorge Domínguez
|
0-0: Ball 1-0: Ball 2-0: Called Strike 2-1: Foul Ball, location: 2F 2-2: Strikes out swinging
|
Batting: RHB Dave Wookey
|
0-0: Swinging Strike 0-1: Ball 1-1: Ball 2-1: Ground out 4-3 (Groundball, 4)
|
Batting: RHB Dale Taylor
|
0-0: Called Strike 0-1: Called Strike 0-2: Strikes out looking
|
Bottom of the 3rd over - 0 run(s), 0 hit(s), 0 error(s), 0 left on base; Key West 0 - Memphis 1 |
TOP OF THE 4TH |
Key West Barracudas batting - Pitching for Memphis Blues : RHP Paul Miller
|
Batting: RHB Kenny Cole
|
0-0: Ball 1-0: Ball 2-0: Reached on error, E6 (Groundball, 6)
|
Batting: LHB Arturo López
|
0-0: Foul Ball, location: 2F 0-1: Fly out, F9 (Flyball, 9D)
|
Batting: RHB Luther Stoffels
|
0-0: Swinging Strike 0-1: Swinging Strike 0-2: Ball 1-2: Foul Ball, location: 2F 1-2: Foul Ball, location: 2F 1-2: Ball 2-2: Strikes out swinging
|
Batting: LHB Domingo Ledesma
|
0-0: Ball 1-0: Ball 2-0: Ball 3-0: Base on Balls Kenny Cole to second
|
Batting: SHB Rodney Birling
|
0-0: Foul Ball, location: 2F 0-1: Fly out, F8 (Flyball, 8LM)
|
Top of the 4th over - 0 run(s), 0 hit(s), 1 error(s), 2 left on base; Key West 0 - Memphis 1 |
BOTTOM OF THE 4TH |
Memphis Blues batting - Pitching for Key West Barracudas : RHP Lawrence Fish
|
Batting: RHB Bob Orr
|
0-0: Ball 1-0: Called Strike 1-1: Foul Ball, location: 2F 1-2: Ball 2-2: Foul Ball, location: 2F 2-2: Strikes out swinging
|
Batting: LHB Arturo Rivera
|
0-0: Ball 1-0: Fly out, F2 (Popup, 2LF)
|
Batting: RHB Sadao Kato
|
0-0: Ball 1-0: SOLO HOME RUN (Flyball, 78XD), Distance : 432 ft
|
Batting: RHB Glenn Johnson
|
0-0: Hit by Pitch
|
Batting: RHB Raúl Perales
|
0-0: Ball Glenn Johnson is caught stealing 2nd base
|
Bottom of the 4th over - 1 run(s), 1 hit(s), 0 error(s), 0 left on base; Key West 0 - Memphis 2 |
TOP OF THE 5TH |
Key West Barracudas batting - Pitching for Memphis Blues : RHP Paul Miller
|
Batting: SHB Héctor Jiménez
|
0-0: Swinging Strike 0-1: Called Strike 0-2: Foul Ball, location: 2F 0-2: Ball 1-2: Ball 2-2: Strikes out looking
|
Batting: LHB Motoki Hirata
|
0-0: Foul Ball, location: 2F 0-1: Ball 1-1: Foul Ball, location: 2F 1-2: Foul Ball, location: 2F 1-2: Fly out, F9 (Flyball, 89M)
|
Batting: RHB Carlos Miranda
|
0-0: Ball 1-0: Ball 2-0: Ball 3-0: Base on Balls
|
Batting: RHB Zander Tremblett
|
0-0: Foul Ball, location: 2F 0-1: Ball 1-1: DOUBLE (Line Drive, 8LM) Carlos Miranda to third Runner from 3rd tries for Home, SAFE, no throw or cutoff
|
Batting: RHB Kenny Cole
|
0-0: Foul Ball, location: 2F 0-1: Foul Ball, location: 2F 0-2: Strikes out looking
|
Top of the 5th over - 1 run(s), 1 hit(s), 0 error(s), 1 left on base; Key West 1 - Memphis 2 |
BOTTOM OF THE 5TH |
Memphis Blues batting - Pitching for Key West Barracudas : RHP Lawrence Fish
|
Batting: RHB Raúl Perales
|
0-0: Ball 1-0: Ball 2-0: Called Strike 2-1: Ball 3-1: Base on Balls
|
Batting: RHB Dale O'Feennaghty
|
0-0: Fly out, F8 (Flyball, 8RM)
|
Batting: RHB Jorge Domínguez
|
0-0: Ball 1-0: Called Strike 1-1: Fly out, F8 (Flyball, 8RM)
|
Batting: RHB Dave Wookey
|
0-0: Ball 1-0: Ball 2-0: Foul Ball, location: 2F 2-1: Ball 3-1: Base on Balls Raúl Perales to second
|
Batting: RHB Dale Taylor
|
0-0: Called Strike 0-1: Ball 1-1: Foul Ball, location: 2F 1-2: Foul Ball, location: 2F 1-2: Fly out, F2 (Popup, 2RF)
|
Bottom of the 5th over - 0 run(s), 0 hit(s), 0 error(s), 2 left on base; Key West 1 - Memphis 2 |
TOP OF THE 6TH |
Key West Barracudas batting - Pitching for Memphis Blues : RHP Paul Miller
|
Batting: LHB Arturo López
|
0-0: Foul Ball, location: 2F 0-1: Fly out, F9 (Flyball, 89XD)
|
Batting: RHB Luther Stoffels
|
0-0: Ball 1-0: Called Strike 1-1: Ball 2-1: Swinging Strike 2-2: Foul Ball, location: 2F 2-2: Strikes out swinging
|
Batting: LHB Domingo Ledesma
|
0-0: Foul Ball, location: 2F 0-1: Called Strike 0-2: Ball 1-2: Foul Ball, location: 2F 1-2: Ground out 4-3 (Groundball, 4)
|
Top of the 6th over - 0 run(s), 0 hit(s), 0 error(s), 0 left on base; Key West 1 - Memphis 2 |
BOTTOM OF THE 6TH |
Memphis Blues batting - Pitching for Key West Barracudas : RHP Lawrence Fish
|
Batting: RHB Bob Orr
|
0-0: Foul Ball, location: 2F 0-1: Foul Ball, location: 2F 0-2: Ground out 6-3 (Groundball, 6M)
|
Batting: LHB Arturo Rivera
|
0-0: Ball 1-0: Called Strike 1-1: Ball 2-1: Ball 3-1: Base on Balls
|
Batting: RHB Sadao Kato
|
0-0: Ball Arturo Rivera steals 2nd base 1-0: Intentional Walk
|
Pitching: RHP Sean Harden
|
|
Batting: RHB Glenn Johnson
|
0-0: Ball 1-0: Called Strike 1-1: Ball 2-1: Swinging Strike 2-2: Ball 3-2: Fielders Choice at 2nd, 4-6 (Groundball, 4) Arturo Rivera to third
|
Batting: RHB Raúl Perales
|
0-0: Ball 1-0: Fly out, F7 (Flyball, 7M)
|
Bottom of the 6th over - 0 run(s), 0 hit(s), 0 error(s), 2 left on base; Key West 1 - Memphis 2 |
BOTTOM OF THE 7TH |
Memphis Blues batting - Pitching for Key West Barracudas : RHP Sean Harden
|
Now at 3B: Ramiro Gámez
|
|
Now in LF: Frederick Chamberlain
|
|
Batting: RHB Dale O'Feennaghty
|
0-0: Called Strike 0-1: Ground out 5-3 (Groundball, 5)
|
Pinch Hitting: LHB Mark Folger
|
0-0: Called Strike 0-1: Ground out 5-3 (Groundball, 56)
|
Batting: RHB Dave Wookey
|
0-0: Ball 1-0: Ball 2-0: Called Strike 2-1: Ground out 5-3 (Groundball, 56S)
|
Bottom of the 7th over - 0 run(s), 0 hit(s), 0 error(s), 0 left on base; Key West 2 - Memphis 2 |
TOP OF THE 8TH |
Key West Barracudas batting - Pitching for Memphis Blues : LHP Ramón Vázquez
|
Now at 3B: Leopoldo Horgan
|
|
Batting: RHB Kenny Cole
|
0-0: Ball 1-0: Called Strike 1-1: Called Strike 1-2: SINGLE (Line Drive, 7S)
|
Batting: LHB Arturo López
|
0-0: Ball 1-0: Ball 2-0: Foul Ball, location: 2F 2-1: Fly out, F6 (Popup, 6)
|
Batting: RHB Luther Stoffels
|
0-0: Ball 1-0: Foul Ball, location: 2F 1-1: Foul Ball, location: 2F 1-2: Ball 2-2: Ball 3-2: Base on Balls Kenny Cole to second
|
Batting: LHB Domingo Ledesma
|
0-0: Called Strike 0-1: Ball 1-1: Foul Ball, location: 2F 1-2: Ball 2-2: Strikes out looking
|
Pinch Hitting: RHB Victor Baker
|
0-0: Ball 1-0: Swinging Strike 1-1: Ball 2-1: Fly out, F8 (Flyball, 8LM)
|
Top of the 8th over - 0 run(s), 1 hit(s), 0 error(s), 2 left on base; Key West 2 - Memphis 2 |
BOTTOM OF THE 8TH |
Memphis Blues batting - Pitching for Key West Barracudas : RHP Sean Harden
|
Now at SS: Victor Baker
|
|
Batting: RHB Dale Taylor
|
0-0: Called Strike 0-1: Ball 1-1: Ground out 6-3 (Groundball, 6)
|
Pitching: LHP José Morán
|
|
Batting: RHB Bob Orr
|
0-0: SOLO HOME RUN (Flyball, 78XD), Distance : 439 ft
|
Batting: LHB Arturo Rivera
|
0-0: Swinging Strike 0-1: Foul Ball, location: 2F 0-2: Ball 1-2: Ball 2-2: SINGLE (Line Drive, 4MD)
|
Batting: RHB Sadao Kato
|
0-0: Ball 1-0: Called Strike 1-1: Called Strike 1-2: Ground out 5-3 (Groundball, 5) Arturo Rivera to second
|
Batting: RHB Glenn Johnson
|
0-0: Ball 1-0: Called Strike 1-1: Foul Ball, location: 2F 1-2: Ball 2-2: Ball 3-2: Foul Ball, location: 2F 3-2: Strikes out swinging
|
Bottom of the 8th over - 1 run(s), 2 hit(s), 0 error(s), 1 left on base; Key West 2 - Memphis 3 |
TOP OF THE 9TH |
Key West Barracudas batting - Pitching for Memphis Blues : LHP Ramón Vázquez
|
Pitching: RHP Tim Lyons
|
|
Now at 2B: Glenn Melican
|
|
Now at SS: Lorenzo Mota
|
|
Batting: SHB Héctor Jiménez
|
0-0: Ball 1-0: Ball 2-0: Called Strike 2-1: SINGLE (Flyball, 9S)
|
Batting: RHB Ramiro Gámez
|
0-0: Bunt missed! 0-1: Bunted foul 0-2: Ball 1-2: Foul Ball, location: 2F 1-2: Foul Ball, location: 2F 1-2: Ball 2-2: Ball 3-2: Foul Ball, location: 2F 3-2: Strikes out swinging
|
Batting: RHB Frederick Chamberlain
|
0-0: Called Strike 0-1: Ball 1-1: Ball 2-1: Foul Ball, location: 2F 2-2: Strikes out swinging
|
Batting: RHB Zander Tremblett
|
0-0: Called Strike 0-1: Ground out 4-3 (Groundball, 4)
|
Top of the 9th over - 0 run(s), 1 hit(s), 0 error(s), 1 left on base; Key West 2 - Memphis 3 |
|